cohdb
Replays
Latest Replays
All Replays
Popular Replays
Top Player Replays
Match Explorer
How It Works
Community
CoH3 Stats
Reddit
Sign in to upload your games and track your stats! →
Sign in with Steam
Match 42076536
Unlisted
Match 42076536
Overview
Messages
Build Orders
End
Construct Section Command Post
Royal Engineer Section
Selects Canadian Shock Battlegroup
Infantry Section
Infantry Section
Vickers Machine Gun Team
Construct Platoon Command Post
Selects Attacking Spirit
Selects Canadian Shock Section
Humber Armored Car
Canadian Shock Section
Construct Company Command Post
Selects Incendiary Munitions
Grenade Package
Selects Pyrotechnics
Crusader II Medium Tank
6-pounder Anti-tank Gun Team
Crusader II Medium Tank
Light Vehicle Training
Unlock M3 Grant Medium Tanks
Selects Point Assault
M3 Grant Medium Tank
Canadian Shock Section
Team Weapon Training
Selects Churchill Crocodile Heavy Tank
CMP 15cwt Truck
qZeto
BIOHAZARD
longwayround
Pacman
0
0
Comments
sign in to comment!
No comments posted yet!